 Dungeon Crawl Stone Soup version 0.20.1-1-g8b1a95d (webtiles) character file.

40 Irenicus the Magician (level 3, -4/26 HPs)
             Began as a Demigod Wizard on Nov 4, 2017.
             Slain by a worm (7 damage)
             ... on level 2 of the Dungeon.
             The game lasted 00:05:57 (1029 turns).

Irenicus the Magician (Demigod Wizard)              Turns: 1029, Time: 00:05:58

Health: -4/26      AC:  2    Str: 10    XL:     3   Next: 14%
Magic:  4/10       EV: 12    Int: 24    God:
Gold:   165        SH:  0    Dex: 14    Spells: 0/8 levels left

rFire    . . .     SeeInvis .   n - +1 short sword (speed)
rCold    . . .     Gourm    .   (no shield)
rNeg     . . .     Faith    .   a - +0 robe
rPois    .         Spirit   .   b - +0 hat
rElec    .         Reflect  .   (no cloak)
rCorr    .         Harm     .   (no gloves)
MR       .....                  (no boots)
Stlth    ++........             (no amulet)
Regen    0.1/turn               (no ring)
MPRegen  0.2/turn               (no ring)

@: no status effects
A: high mp 1
a: no special abilities


You were on level 2 of the Dungeon.
You were hungry.

You visited 1 branch of the dungeon, and saw 2 of its levels.

You collected 165 gold pieces.

Inventory:

Hand Weapons
 n - a +1 short sword of speed (weapon)
Missiles
 h - 6 tomahawks (quivered)
Armour
 a - a +0 robe (worn)
 b - a +0 hat (worn)
Jewellery
 j - an uncursed ring of fire
Scrolls
 f - a scroll of identify
 g - 3 scrolls of teleportation
 l - a scroll of magic mapping {unknown}
 m - a scroll of blinking {unknown}
 o - a scroll of immolation {unknown}
Potions
 e - 2 potions of curing
 i - a potion of haste {unknown}
 k - 2 potions of might {unknown}
Books
 c - a book of Minor Magic

   Spells                             Type                      Level
   a - Magic Dart                     Conjuration                  1
   b - Blink                          Translocation                2
   c - Call Imp                       Summoning                    2
   d - Slow                           Hexes                        2
   e - Conjure Flame                  Conjuration/Fire             3
   f - Mephitic Cloud                 Conjuration/Poison/Air       3
Comestibles
 d - a bread ration


   Skills:
 - Level 1.7 Dodging
 - Level 1.7 Stealth
 - Level 3.0 Spellcasting
 + Level 2.5 Conjurations
 + Level 1.0 Summonings
 + Level 0.8 Translocations


You couldn't memorise any spells.
You knew the following spells:

 Your Spells              Type           Power        Failure   Level  Hunger
a - Magic Dart            Conj           ###.         3%          1    None
b - Call Imp              Summ           #.......     11%         2    ##.....
c - Conjure Flame         Conj/Fire      #.......     19%         3    ###....
d - Blink                 Tloc           N/A          12%         2    ##.....


Dungeon Overview and Level Annotations

Branches:
Dungeon (2/15)

Annotations:
D:2 Sigmund


Innate Abilities, Weirdness & Mutations

You have an increased reservoir of magic. (+10% MP)


Message History

Something closely misses your crimson imp.
Something completely misses you.
Your magical contamination has completely faded away.
Something closely misses your crimson imp.
Found 18 gold pieces and a brown potion.
You see here 18 gold pieces.
You now have 165 gold pieces (gained 18).
Casting: Magic Dart
Confirm with . or Enter, or press ? or * to list all spells.
A shadowy apparition takes form in the air.
You are feeling hungry.
Something hits you!
Ouch! That really hurt!
* * * LOW HITPOINT WARNING * * *
Your shadow imp closely misses something.
A magic dart appears from out of thin air!
The magic dart hits you!
* * * LOW HITPOINT WARNING * * *
The worm bites you!
You die...

...............
#.# #.#.#
####........####.#
#.####.#.#
...#....<. ..#
#.##.....#
##..#.#...## ..#
#>##.###.###
.......... ...
..... #.#.†# ....
#....###.#
#.##.###.#.# ....#
#..).....#.# #..#
######.###.## #w@#
##.##...## #!.#
#.....#... #..#
#..##...##
#..#######..###.##
#..#........# #.#
.####.5#.#####.##
#)### # #........#
#.# #.... ..
#.####.....####5#
##### .
#........(.# #


You could see a worm and a friendly shadow imp.

Vanquished Creatures
  An adder (D:2)
  A worm (D:2)
  A dart slug (D:1)
  2 giant cockroaches
  5 goblins
  5 hobgoblins
  4 bats
  2 frilled lizards
  3 kobolds (D:1)
  3 rats
27 creatures vanquished.

Notes
Turn   | Place    | Note
-------+----------+-------------------------------------------
     0 | D:1      | Irenicus the Demigod Wizard began the quest for the Orb.
     0 | D:1      | Reached XP level 1. HP: 14/14 MP: 6/6
    58 | D:1      | Reached skill level 1 in Conjurations
    86 | D:1      | Reached skill level 3 in Spellcasting
   153 | D:1      | Reached XP level 2. HP: 17/20 MP: 1/8
   365 | D:2      | Learned a level 2 spell: Call Imp
   790 | D:2      | Reached skill level 1 in Summonings
   834 | D:2      | Reached XP level 3. HP: 26/26 MP: 7/10
   857 | D:2      | Learned a level 3 spell: Conjure Flame
   904 | D:2      | Noticed Sigmund
   969 | D:2      | Found a shadowy altar of Dithmenos.
   969 | D:2      | Found a sparkling altar of Nemelex Xobeh.
   995 | D:2      | Learned a level 2 spell: Blink
  1029 | D:2      | Slain by a worm

Skill      XL: |  1  2 |
---------------+-------+-----
Conjurations   | 1 2 |  2.5
Spellcasting   | 3 |  3.0
Summonings     | 1 |  1.0
Dodging        | |  1.7
Stealth        | |  1.7
Translocations | |  0.8

Action                   || total
-------------------------++-------
Melee: Unarmed           ||    20
       Short sword       ||     4
Throw: Tomahawk          ||     9
 Cast: Magic Dart        ||    52
       Call Imp          ||     4
       Conjure Flame     ||     1
  Use: Scroll            ||     4
 Stab: Sleeping          ||     2
       Distracted        ||     1
Armor: Robe              ||     8
Dodge: Dodged            ||    30
